 Dungeon Crawl Stone Soup version 0.14-a0-1403-g5d3c58f (webtiles) character file.

82 PolkaDot the Poker (level 3, -1/27 HPs)
             Began as a Vampire Death Knight on Dec 10, 2013.
             Was a Believer of Yredelemnul.
             Killed from afar by Pr0man's ghost (4 damage)
             ... with a magic dart
             ... on Level 3 of the Dungeon.
             The game lasted 00:08:00 (1744 turns).

PolkaDot the Poker (Vampire Death Knight)           Turns: 1744, Time: 00:08:00

HP  -1/27        AC  4     Str 12      XL: 3   Next: 50%
MP   4/4         EV 10     Int 15      God: Yredelemnul [**....]
Gold 34          SH  0     Dex 14      Spells:  0 memorised,  2 levels left

rFire  x . .     SeeInvis +     a - +1 spear
rCold  + + +     Clarity  .     f - +1 leather armour {rC+}
rNeg   + + +     Conserve .     (no shield)
rPois  +         rCorr    .     (no helmet)
rElec  .         rRot     +     (no cloak)
SustAb . .       Spirit   .     (no gloves)
rMut   .         Warding  .     (no boots)
Saprov . . .     Stasis   .     (no amulet)
                                h - ring of ice
                                b - +2 ring of intelligence

@: non-regenerating, slightly resistant to hostile enchantments, unstealthy
A: fangs 3, see invisible, unbreathing
a: Bat Form, Animate Remains, Recall Undead Slaves, Injury Mirror, Renounce
Religion


You were on level 3 of the Dungeon.
You worshipped Yredelemnul.
Yredelemnul was pleased with you.
You were bloodless.

You visited 1 branch of the dungeon, and saw 3 of its levels.

You collected 34 gold pieces.

Inventory:

Hand weapons
 a - a +1,+1 spear (weapon)
Armour
 f - a +1 leather armour of cold resistance (worn)
Scrolls
 e - a scroll of fear {unknown}
 g - 2 scrolls of remove curse
 i - 2 scrolls of identify
 j - a scroll of curse weapon {unknown}
Jewellery
 b - a +2 ring of intelligence (left hand)
 d - an uncursed ring of hunger
 h - a ring of ice (right hand)
Potions
 c - 2 potions of heal wounds


   Skills:
 - Level 1.7 Fighting
 * Level 3.5 Polearms
 - Level 0.7 Armour
 - Level 1.1 Dodging
 - Level 2.4 Invocations


You had 2 spell levels left.
You didn't know any spells.

Dungeon Overview and Level Annotations

Branches:
Dungeon (3/16)

Altars:
Makhleb

Annotations:
D:3 Pr0man's ghost, average DrWz


Innate Abilities, Weirdness & Mutations

You do not heal naturally.
You have razor-sharp teeth.*
You have supernaturally acute eyesight.
You can survive without breathing.*


Message History

The giant gecko closely misses you. Pr0man's ghost barely misses you.
You feel devoid of blood!
You hit Pr0man's ghost but do no damage.
Pr0man's ghost is lightly damaged.
The giant gecko bites you. Pr0man's ghost barely misses you.
You are too injured to fight recklessly!
The giant gecko bites you.
* * * LOW HITPOINT WARNING * * *
Pr0man's ghost hits you but does no damage.
The giant gecko bites you but does no damage.
Pr0man's ghost mumbles some strange words.
Pr0man's ghost blinks!
The giant gecko bites you.
* * * LOW HITPOINT WARNING * * *
The giant gecko misses you.
There is a stone staircase leading up here.
The giant gecko barely misses you.
Pr0man's ghost points at you and mumbles some strange words.
The magic dart hits you!
You die...
Yredelemnul claims you as an undead slave.

#########
#.......#
#.......#
#.......#
#.......#
+.....lp#
#......@#
#......)#
###+.####
#. #. #.
.


You could see Pr0man's ghost and a giant gecko.

Vanquished Creatures
  An adder (D:2)
  A giant mite (D:2)
  A worm (D:1)
  A ball python (D:2)
  A bat (D:2)
  A giant cockroach (D:2)
  3 goblins
  6 hobgoblins
  A quokka (D:2)
  2 giant newts (D:2)
  6 kobolds
  4 rats
28 creatures vanquished.

Vanquished Creatures (others)
  A hobgoblin skeleton (D:2)
  A hobgoblin zombie (D:2)
  A kobold skeleton (D:2)
  2 kobold zombies (D:2)
5 creatures vanquished.

Grand Total: 33 creatures vanquished

Notes
Turn   | Place    | Note
--------------------------------------------------------------
     0 | D:1      | PolkaDot, the Vampire Death Knight, began the quest for the Orb.
     0 | D:1      | Reached XP level 1. HP: 16/16 MP: 1/1
   624 | D:1      | Reached XP level 2. HP: 19/22 MP: 2/2
   912 | D:1      | Reached skill level 3 in Polearms
   980 | D:2      | Somebody: Hi. You need to come and see something.
   980 | D:2      | PolkaDot: ... ok
   990 | D:2      | Reached XP level 3. HP: 22/27 MP: 4/4
  1253 | D:2      | Acquired Yredelemnul's second power
  1692 | D:2      | Found a burning altar of Makhleb.
  1729 | D:3      | Noticed Pr0man's ghost (average DrWz)
  1744 | D:3      | Killed from afar by Pr0man's ghost

Action                   || total
-------------------------++-------
Melee: Spear             ||   128
Invok: Animate Remains   ||    10
  Use: Potion            ||     1
       Scroll            ||    10
 Stab: Sleeping          ||     2
